 Dungeon Crawl Stone Soup version 0.29.1-1-gd02db6906a (webtiles) character file.

Game seed: 12825131237180008002

121 Mune the Covered (level 5, -1/46 HPs)
             Began as a Hill Orc Fighter on Oct 14, 2022.
             Was a Believer of Trog.
             Slain by an iguana (9 damage)
             ... on level 6 of the Dungeon on Oct 15, 2022.
             The game lasted 00:22:03 (2273 turns).

Mune the Covered (Hill Orc Fighter)                 Turns: 2273, Time: 00:22:04

Health: -1/46      AC:  7    Str: 21    XL:     5   Next: 5%
Magic:  5/5        EV: 13    Int:  8    God:    Trog [**....]
Gold:   81         SH:  4    Dex: 10    Spells: 4/4 levels left

rFire   . . .      SeeInvis .   G - +2 short sword (vamp)
rCold   . . .      Faith    +   c - +0 buckler
rNeg    . . .      Spirit   .   b - +0 scale mail
rPois   .          Reflect  .   (no helmet)
rElec   .          Harm     .   (no cloak)
rCorr   .          Rampage  .   (no gloves)
Will    .....                   (no boots)
Stlth   ..........              r - amulet of faith
HPRegen 0.15/turn               t - +4 ring of evasion
MPRegen 0.09/turn               (no ring)

@: no status effects
A: no striking features
a: Renounce Religion, Berserk, Trog's Hand


You were on level 6 of the Dungeon.
You worshipped Trog.
Trog was pleased with you.
You visited 1 branch of the dungeon, and saw 4 of its levels.

You collected 81 gold pieces.

Inventory:

Hand Weapons
 a - a +0 war axe
 d - a +0 dagger
 j - a +0 dagger
 k - a +0 dagger
 l - a +0 dagger
 m - a +0 whip
 o - a +0 whip
 q - a +0 spear
 v - a +0 short sword
 y - a +0 dagger
 z - a +0 dagger
 A - a +0 whip
 C - a +0 whip
 G - a +2 vampiric short sword (weapon)
 J - a +0 short sword
 K - a +1 mace of holy wrath
 M - a +0 war axe
 P - a +2 short sword of speed
 Q - a +0 flail
Missiles
 n - 24 stones
 p - 6 poisoned darts
 w - 3 large rocks
 D - 4 boomerangs (quivered)
Armour
 b - a +0 scale mail (worn)
 c - a +0 buckler (worn)
 g - a +0 leather armour
 s - a +0 ring mail
 u - a +0 ring mail
 B - a +0 robe
 F - a +0 leather armour
 L - a +0 ring mail
 O - a +0 ring mail
 R - a +0 chain mail
Jewellery
 r - an amulet of faith (around neck)
 t - a +4 ring of evasion (left hand)
Wands
 I - a wand of acid (7)
Scrolls
 h - 2 scrolls of noise {unknown}
 i - a scroll of identify {unknown}
 x - a scroll of acquirement {unknown}
 E - 2 scrolls of blinking {unknown}
 N - 2 scrolls of enchant weapon {unknown}
Potions
 e - a potion of lignification {unknown}
 f - 2 potions of curing {unknown}
 H - a potion of haste {unknown}


   Skills:
 + Level 4.2 Fighting
 + Level 3.6(4.0) Axes
 + Level 2.0(2.8) Polearms
 + Level 4.4 Armour
 + Level 0.4 Dodging
 + Level 3.5 Shields


You had 4 spell levels left.
You didn't know any spells.
Your spell library contained the following spells:

 Spells                   Type           Power      Damage    Failure   Level
 Magic Dart               Conj           0%         1d3       83%         1
 Searing Ray              Conj           0%         2d4       92%         2
 Fulminant Prism          Conj/Hex       0%         3d6       100%        4


Dungeon Overview and Level Annotations

Branches:
Dungeon (3/15)

Altars:
Qazlal
Trog


Message History

Adjust (i)tems, (s)pells, or (a)bilities?
G - a wand of acid (7) Adjust to which letter? (? for menu, Esc to quit)
Huh?
Adjust to which letter? (? for menu, Esc to quit)
Huh?
Adjust to which letter? (? for menu, Esc to quit)
Huh?
Adjust to which letter? (? for menu, Esc to quit)
I - a wand of acid (7);
G - a +2 vampiric short sword (weapon)
Adjust (i)tems, (s)pells, or (a)bilities?
I - a wand of acid (7) Adjust to which letter? (? for menu, Esc to quit)
Okay, then.
A sourceless malevolence fills the Dungeon...
You fall into a shaft and drop 3 floors!
The shaft crumbles and collapses.
You hear the sound of rushing water.
There is an entrance to a sewer on this level.
Hurry and find it before the portal rusts away!
Found a stone staircase leading down.
Found an escape hatch in the floor.
Found an escape hatch in the ceiling.
An iguana comes into view.
The iguana hisses angrily.
There is a stone staircase leading down here.
Found 7 stones.
Found 6 stones.
There is an escape hatch in the floor here.
You closely miss the iguana. You block the iguana's attack.
You hit the iguana but do no damage. The iguana barely misses you.
You barely miss the iguana. The iguana closely misses you.
You hit the iguana but do no damage. The iguana bites you!
* * * LOW HITPOINT WARNING * * *
You hit the iguana but do no damage.
The iguana bites you but does no damage.
The iguana closely misses you.
There is an escape hatch in the floor here.
The iguana bites you!
You die...

## .###.# ..##.#
#.##.# # #.##.# .#
######.##.###.#
#.........#...#
#.#####.#...######
...#.>.@.......
#.........l.......
....##............
.. ...............
..............((
.....#####.##...#
..... <# ...#
..... .. ..# .. .#


You could see an iguana.

Vanquished Creatures
  4 adders
  A worm (D:2)
  5 dart slugs
  10 orcs
  3 endoplasms
  4 giant cockroaches
  4 goblins
  3 hobgoblins (D:1)
  4 jackals (D:3)
  5 kobolds
  2 quokkas
  4 ball pythons
  4 bats (D:2)
  A frilled lizard (D:1)
  6 rats
60 creatures vanquished.

Vanquished Creatures (others)
  2 fungi (D:1)
  A plant (D:1)
3 creatures vanquished.

Grand Total: 63 creatures vanquished

Notes
Turn   | Place    | Note
-------+----------+-------------------------------------------
     0 | D:1      | Mune the Hill Orc Fighter began the quest for the Orb.
     0 | D:1      | Reached XP level 1. HP: 19/19 MP: 1/1
   364 | D:1      | Reached XP level 2. HP: 27/27 MP: 2/2
   536 | D:1      | Found a faded altar of an unknown god.
   612 | D:1      | Prayed at the altar of an unknown god.
   612 | D:1      | Became a worshipper of Trog the Wrathful
   612 | D:1      | Reached * piety under Trog
   683 | D:2      | Reached XP level 3. HP: 3/33 MP: 3/3
  1256 | D:2      | Reached skill level 1 in Polearms
  1256 | D:2      | Reached XP level 4. HP: 40/40 MP: 4/4
  1527 | D:3      | Found a stormy altar of Qazlal.
  1591 | D:3      | Reached ** piety under Trog
  2231 | D:3      | Reached XP level 5. HP: 12/46 MP: 5/5
  2255 | D:3      | You fall into a shaft and drop 3 floors!
  2273 | D:6      | Slain by an iguana

Illustrated notes

Levels and vault maps discovered:
D:1:      nicolae_arrival_somewhat_less_tricky_arrival, layout_loops_ring,
          shapermc_ecumenical_altar_acropolis, minmay_misc_feat_diagonals,
          minmay_hexomino_f4
D:2:      layout_loops_ring, dk_noncrumbling_4
D:3:      layout_loops_cross, grunt_qazlal_clouds, kennysheep_orc_sif_temple
D:6:      layout_basic, overflow_temple_1_default, portal_sewer_entry_c,
          uniq_menkaure

Skill      XL: |  1  2  3  4 |
---------------+-------------+-----
Axes           | 3 |  3.6
Armour         | 4 |  4.4
Fighting       | 4 |  4.2
Polearms       | 1 2 |  2.0
Dodging        | |  0.4
Shields        | |  3.5

Action                   |  1- 3 |  4- 6 || total
-------------------------+-------+-------++-------
Melee: War axe           |    60 |       ||    60
       Spear             |    67 |   124 ||   191
       Short sword       |       |     5 ||     5
Armor: Scale mail        |    54 |    66 ||   120
Dodge: Dodged            |    65 |    90 ||   155
Block: Buckler           |    22 |    31 ||    53
